 Dungeon Crawl Stone Soup version 0.18-a0-1347-gb9e2fb4 (webtiles) character file.

60 M4edhros the Insei (level 4, -5/31 HPs)
             Began as an Octopode Monk on Feb 17, 2016.
             Killed by nerve-wracking pain
             ... invoked by WarriorsX's ghost
              (12 damage)
             ... on level 4 of the Dungeon.
             The game lasted 00:01:44 (581 turns).

M4edhros the Insei (Octopode Monk)                   Turns: 581, Time: 00:01:45

Health: -5/31      AC:  1    Str: 10    XL:     4   Next: 4%
Magic:  4/4        EV: 14    Int: 12    God:
Gold:   9          SH:  0    Dex: 15    Spells: 0 memorised, 3 levels left

rFire  . . .     SeeInvis .       - Unarmed
rCold  . . .     Gourm    .     (no shield)
rNeg   . . .     Faith    .     (helmet restricted)
rPois  .         Spirit   .     (no amulet)
rElec  .         Dismiss  .     c - ring of loudness
rCorr  .         Reflect  .     (no ring)
SustAt .         Harm     .     (no ring)
MR     .....                    (no ring)
Stlth  +++.......               (no ring)
                                (no ring)
                                (no ring)
                                (no ring)

@: not resistant to hostile enchantments, fairly stealthy
A: almost no armour, amphibious, 8 rings, constrict 8, camouflage 1, gelatinous
body 1
a: no special abilities


You were on level 4 of the Dungeon.
You were not hungry.

You visited 1 branch of the dungeon, and saw 4 of its levels.

You collected 9 gold pieces.

Inventory:

Hand Weapons
 g - a +0 blowgun
Missiles
 e - 38 stones (quivered)
Jewellery
 c - a ring of loudness (left tentacle)
Scrolls
 b - 2 scrolls of enchant weapon {unknown}
 d - a scroll of fog {unknown}
Comestibles
 a - a bread ration
 f - a beef jerky


   Skills:
 - Level 3.0 Fighting
 + Level 3.6 Dodging
 + Level 4.3 Stealth
 + Level 4.4 Unarmed Combat


You had 3 spell levels left.
You didn't know any spells.

Dungeon Overview and Level Annotations

Branches:
Dungeon (4/15)
 Temple: D:4-7

Altars:
Vehumet

Annotations:
D:4 WarriorsX's ghost, amateur HuNe


Innate Abilities, Weirdness & Mutations

You cannot wear most types of armour.
You are amphibious.
You can wear up to eight rings at the same time.
You can use your tentacles to constrict eight enemies at once.
Your skin changes colour to match your surroundings (Stealth).
Your rubbery body absorbs attacks (AC +1).


Message History

* * * LOW HITPOINT WARNING * * *
WarriorsX's ghost whispers, "There is no future for you."
WarriorsX's ghost points at you and mumbles some strange words.
You barely resist. The giant gecko barely misses you.
You tentacle-slap the giant gecko but do no damage.
Your grab misses the giant gecko. The giant gecko misses you.
You tentacle-slap the giant gecko. Your grab misses the giant gecko.
Your squeeze misses the giant gecko.
The giant gecko is heavily wounded.
The giant gecko closely misses you.
You tentacle-slap the giant gecko.
You kill the giant gecko!
You open the door.
WarriorsX's ghost gestures at you while chanting.
You barely resist.
There is an open door here.
WarriorsX's ghost points at you and mumbles some strange words.
Pain shoots through your body!
You die...

+...# #...# #########...##
... #............# ...
#...........# ..
#..##.####.## .#
#..#######.######.#
#..#.........#....+
#..#......<.@'....#
#.W#......<..#.W..#
#..#############..#
#..##...###..###..##...
#..........W............
#.......................
...........................
............................
............................


You could see WarriorsX's ghost.

Vanquished Creatures
  An orc priest (D:3)
  An adder (D:3)
  A giant gecko (D:4)
  3 orcs (D:3)
  2 hobgoblins (D:1)
  2 jackals (D:3)
  3 kobolds
  2 bats
  A giant newt (D:1)
  3 rats
19 creatures vanquished.

Notes
Turn   | Place    | Note
--------------------------------------------------------------
     0 | D:1      | M4edhros the Octopode Monk began the quest for the Orb.
     0 | D:1      | Reached XP level 1. HP: 16/16 MP: 1/1
   401 | D:2      | Reached XP level 2. HP: 15/21 MP: 2/2
   423 | D:2      | Found a radiant altar of Vehumet.
   471 | D:3      | Reached XP level 3. HP: 16/26 MP: 3/3
   526 | D:3      | Reached XP level 4. HP: 21/31 MP: 4/4
   539 | D:4      | Noticed WarriorsX's ghost (amateur HuNe)
   581 | D:4      | Killed from afar by WarriorsX's ghost

Vault maps used:
D:1:      nicolae_arrival_somewhat_less_tricky_arrival, minmay_misc_feat_encased
D:2:      vehumet_crystals
D:4:      portal_sewer_entry_b, first_bread, uniq_grinder

Action                   |  1- 3 |  4- 6 || total
-------------------------+-------+-------++-------
Melee: Unarmed           |    38 |     7 ||    45
  Use: Scroll            |     1 |       ||     1
 Stab: Sleeping          |     3 |       ||     3
